 Dungeon Crawl Stone Soup version 0.19.1 (webtiles) character file.

70 mmcf the Insei (level 4, -5/32 HPs)
             Began as a Merfolk Transmuter on Dec 3, 2016.
             Killed from afar by Sigmund (10 damage)
             ... with a magic dart
             ... on level 2 of the Dungeon.
             The game lasted 00:03:49 (2328 turns).

mmcf the Insei (Merfolk Transmuter)                 Turns: 2328, Time: 00:03:50

Health: -5/32      AC:  2    Str: 10    XL:     4   Next: 22%
Magic:  2/7        EV: 14    Int: 13    God:
Gold:   100        SH:  0    Dex: 14    Spells: 3 memorised, 1 level left

rFire  . . .     SeeInvis .       - Unarmed
rCold  . . .     Gourm    .     b - +0 robe
rNeg   . . .     Faith    .     (no shield)
rPois  .         Spirit   .     (no helmet)
rElec  .         Reflect  .     (no cloak)
rCorr  .         Harm     .     (no gloves)
MR     .....                    (no boots)
Stlth  ++........               (no amulet)
                                f - ring of stealth
                                h - ring of flight

@: very slightly contaminated
A: change form in water, swift swim, stealthy swim
a: Evoke Flight


You were on level 2 of the Dungeon.
You were hungry.

You visited 1 branch of the dungeon, and saw 2 of its levels.

You collected 100 gold pieces.

Inventory:

Missiles
 a - 55 arrows
 j - 8 poisoned needles
 p - 22 stones (quivered)
 q - 13 sling bullets
Armour
 b - a +0 robe (worn)
Jewellery
 f - a ring of stealth (right hand)
 h - a ring of flight (left hand)
 k - an uncursed ring of protection from fire {unknown}
Scrolls
 e - 2 scrolls of remove curse {unknown}
 i - a scroll of identify {unknown}
 l - a scroll of fear {unknown}
Potions
 g - 2 potions of curing {unknown}
 o - a potion of berserk rage {unknown}
Books
 c - a book of Changes

   Spells                             Type                      Level
   a - Beastly Appendage              Transmutation                1
   b - Sticks to Snakes               Transmutation                2
   c - Spider Form                    Transmutation/Poison         3
   d - Ice Form                       Ice/Transmutation            4
   e - Blade Hands                    Transmutation                5
Comestibles
 d - a bread ration
 m - a slice of pizza


   Skills:
 - Level 1.1 Fighting
 - Level 4.0 Dodging
 * Level 4.5 Unarmed Combat
 - Level 2.0 Spellcasting
 + Level 3.1 Transmutations


You had one spell level left.
You knew the following spells:

 Your Spells              Type           Power        Failure   Level  Hunger
a - Beastly Appendage     Tmut           #.....       10%         1    ##.....
b - Sticks to Snakes      Tmut           #.......     12%         2    ###....
c - Spider Form           Tmut/Pois      #.........   38%         3    ####...


Dungeon Overview and Level Annotations

Branches:
Dungeon (2/15)

Altars:
Uskayaw

Annotations:
D:2 Sigmund


Message History

Your ball python seems less confused.
The leopard gecko closely misses your ball python.
Your ball python closely misses the leopard gecko.
Your ball python grabs the leopard gecko.
Your ball python constricts the leopard gecko.
The leopard gecko struggles to escape constriction.
Your ball python barely misses something.
Your ball python constricts the leopard gecko.
A puff of flame appears from out of thin air!
The puff of flame hits your ball python.
Your ball python dies!
The leopard gecko struggles to escape constriction.
Your ball python bites the leopard gecko.
Your ball python constricts the leopard gecko.
The leopard gecko escapes!
Your ball python bites something.
Your ball python misses something.
The leopard gecko hisses menacingly.
A magic dart appears from out of thin air!
The magic dart hits you!
You die...

...# ##.# #.# .#. #.# #>.## #.#
##### ##...## #.#### ...#
##.....# ##....## ##..# ##.......
####...###########...####........
.<..............@.l.....+........
.###)...##########....###........
.# #..#.# ###...####....... .#
#..#.# ##....{S.###.....#
.####.#.# #........####.S.##
........# #...........{....#
.####.### #.##...##.####.#.#
......# #. #...##.# #.#.# .######
# ######.# #.#.#


You could see a leopard gecko and a friendly ball python.

Vanquished Creatures
  3 adders (D:2)
  2 oozes (D:1)
  A worm (D:2)
  A dart slug (D:1)
  2 giant cockroaches
  2 goblins (D:2)
  6 hobgoblins
  A ball python (D:1)
  4 bats
  2 frilled lizards (D:1)
  6 kobolds (D:1)
  3 rats (D:1)
33 creatures vanquished.

Notes
Turn   | Place    | Note
-------+----------+-------------------------------------------
     0 | D:1      | mmcf the Merfolk Transmuter began the quest for the Orb.
     0 | D:1      | Reached XP level 1. HP: 15/15 MP: 3/3
    67 | D:2      | Found a hide-covered altar of Uskayaw.
   190 | D:1      | Reached XP level 2. HP: 10/21 MP: 5/5
  1094 | D:1      | Reached XP level 3. HP: 19/26 MP: 6/6
  1098 | D:1      | Learned a level 2 spell: Sticks to Snakes
  1102 | D:1      | Learned a level 3 spell: Spider Form
  1961 | D:2      | Reached XP level 4. HP: 18/32 MP: 7/7
  2300 | D:2      | Noticed Sigmund
  2328 | D:2      | Killed from afar by Sigmund

Skill      XL: |  1  2  3  4 |
---------------+-------------+-----
Dodging        | 3 4 |  4.0
Unarmed Combat | 4 |  4.5
Transmutations | 3 |  3.1
Fighting       | |  1.1
Spellcasting   | |  2.0

Action                   |  1- 3 |  4- 6 || total
-------------------------+-------+-------++-------
Melee: Unarmed           |   114 |    13 ||   127
       Headbutt          |     4 |       ||     4
       Punch             |     1 |       ||     1
 Cast: Beastly Appendage |     5 |     1 ||     6
       Sticks to Snakes  |       |     3 ||     3
 Stab: Sleeping          |     7 |       ||     7
  Eat: Chunk             |     3 |     1 ||     4
Armor: Robe              |    15 |     4 ||    19
Dodge: Dodged            |    73 |    11 ||    84
